 Dungeon Crawl Stone Soup version 0.29-a0-719-g0fec994a2d (webtiles) character file.

Game seed: 9083279488460874006

428 Bnni the Grave Robber (level 6, -3/70 HPs)
             Began as a Demonspawn Necromancer on June 27, 2022.
             Slain by an orc wizard
             ... wielding a +0 dagger
              (4 damage)
             ... on level 4 of the Dungeon.
             The game lasted 00:12:41 (4474 turns).

Bnni the Grave Robber (Demonspawn Necromancer)      Turns: 4474, Time: 00:12:41

Health: -3/70      AC: -1    Str:  8    XL:     6   Next: 65%
Magic:  0/11       EV: 12    Int: 19    God:
Gold:   194        SH:  6    Dex: 13    Spells: 4/12 levels left

rFire   . . .      SeeInvis .   l - +2 whip (pain)
rCold   . . .      Faith    .   (no shield)
rNeg    . . .      Spirit   +   j - +0 robe {Archmagi}
rPois   .          Reflect  .   (no helmet)
rElec   .          Harm     .   e - scarf {repulsion}
rCorr   .          Rampage  .   (no gloves)
Will    .....      Archmagi +   p - +0 pair of boots
Stlth   ..........              n - amulet of the acrobat
HPRegen 0.21/turn               (no ring)
MPRegen 0.24/turn               (no ring)

@: berserking (expiring), corroded, animating dead, very slightly contaminated,
repel missiles, very quick
A: large bone plates 2, powered by pain 1, magic shield, magic regeneration
a: no special abilities


You were on level 4 of the Dungeon.
You visited 1 branch of the dungeon, and saw 5 of its levels.

You collected 194 gold pieces.

Inventory:

Hand Weapons
 l - a +2 whip of pain (weapon)
Armour
 e - a scarf of repulsion (worn)
 j - a +0 robe of the Archmagi (worn)
 p - a +0 pair of boots (worn)
Jewellery
 n - an amulet of the acrobat (around neck)
Scrolls
 a - 3 scrolls of immolation
 d - 2 scrolls of enchant weapon
 f - a scroll of teleportation {unknown}
 m - 2 scrolls of brand weapon {unknown}
 o - a scroll of enchant armour {unknown}
 r - a scroll of poison {unknown}
Potions
 c - a potion of flight
 g - a potion of haste
 h - 3 potions of curing
 k - 2 potions of mutation
 s - a potion of attraction {unknown}
 t - 2 potions of degeneration {unknown}
 u - a potion of might


   Skills:
 + Level 3.2 Fighting
 - Level 1.7 Dodging
 - Level 1.7 Stealth
 + Level 3.6 Spellcasting
 * Level 6.9 Necromancy


You had 4 spell levels left.
You knew the following spells:

 Your Spells              Type           Power      Damage    Failure   Level
a - Necrotize             Necr           100%       1d9       1%          1
c - Vampiric Draining     Necr           45%        2d9       2%          3
d - Animate Dead          Necr           45%        N/A       9%          4

Your spell library contained the following spells:

 Spells                   Type           Power      Damage    Failure   Level
 Magic Dart               Conj           20%        1d4       14%         1
 Sting                    Tmut/Pois      20%        1d4       14%         1
 Call Imp                 Summ           5%         N/A       22%         2
 Poisonous Vapours        Pois/Air       10%        N/A       22%         2
 Mephitic Cloud           Conj/Pois/Air  5%         N/A       41%         3
 Olgreb's Toxic Radiance  Pois           5%         N/A       82%         4
 Agony                    Necr           45%        N/A       22%         5


Dungeon Overview and Level Annotations

Branches:
Dungeon (5/15)
 Temple: D:4-7

Altars:
Cheibriados
Hepliaklqana
Vehumet
The Shining One

Shops:
D:4 *


Innate Abilities, Weirdness & Mutations

You are mostly covered in large bone plates. (SH +6)
You sometimes gain a little power by taking damage.
When hurt, damage is shared between your health and your magic reserves.
You regenerate magic rapidly.


Message History

Confirm with . or Enter, or press ? or * to list all spells.
Aiming: Vampiric Draining (dangerous; 2% risk of failure)
Press: ? - help, Shift-Dir - straight line, f - orc wizard
Aim: an orc wizard, wielding a +0 dagger and wearing a +0 robe (heavily wounded)
You feel a surge of power!
You miscast Vampiric Draining.
You are very lightly contaminated with residual magic.
Nothing appears to happen.
The orc hits you with a +0 dagger.
* * * LOW HITPOINT WARNING * * *
The orc wizard casts a spell at you. The magic dart hits you.
* * * LOW HITPOINT WARNING * * *
Casting: Vampiric Draining (dangerous; 2% risk of failure)
Confirm with . or Enter, or press ? or * to list all spells.
You don't have enough magic to cast this spell.
A red film seems to cover your vision as you go berserk!
You feel yourself moving faster!
You feel mighty! The orc barely misses you. The orc wizard barely misses you.
You hit the orc wizard.
The orc wizard writhes in agony.
The orc wizard is severely wounded.
You closely miss the orc wizard.
The orc wizard is severely wounded.
The orc barely misses you.
The orc wizard hits you with a +0 dagger.
* * * LOW HITPOINT WARNING * * *
You closely miss the orc wizard.
The orc wizard is severely wounded.
The orc completely misses you. The orc wizard barely misses you.
You barely miss the orc wizard.
The orc wizard is severely wounded.
The orc misses you.
The orc wizard mumbles some strange words.
The orc wizard flickers and vanishes!
Deactivating autopickup; reactivate with Ctrl-A.
You barely miss the orc. You hit the orc.
The orc writhes in agony.
You kill the orc!
The dead are walking!
Something hits you.
* * * LOW HITPOINT WARNING * * *
You barely miss something. Something hits you.
You die...

#..Z.# #.....##.##.##.# #.####
#.###.##.##.##.# #.#
#.###.##.##.##.# #Z#
#..............# #####
#.#######...#.##.##.#######....
#...................###....ZZ..
###########.....##[#####..≈._.≈.#
.# ##...###.# ##<#..Z....# .#
#...{@)Z# #...#Z...### .#
#...##### #.##.##.## .# #...#
#.##..###### .####### #...#
#Z###.#.._.. .......# #...####
#Z###.#.....
..####.#####...##.####Z....#.....
..###............#Z<..####.#.†...
....#...........###........#.....
..#.#......).....#....#.##.##'''#


You could see a friendly orc zombie.

Vanquished Creatures
  Menkaure (D:4)
  A scorpion (D:3)
  An iguana (D:4)
  2 orc wizards
  4 gnolls (D:2)
  3 adders
  3 worms
  2 dart slugs
  9 orcs
  10 ball pythons
  5 endoplasms
  3 giant cockroaches
  8 goblins
  9 hobgoblins
  5 quokkas
  6 bats
  5 frilled lizards
  11 kobolds
  10 rats
98 creatures vanquished.

Vanquished Creatures (collateral kills)
  3 giant cockroaches
  A kobold (D:2)
  A quokka (D:4)
  A rat (D:2)
6 creatures vanquished.

Vanquished Creatures (others)
  An orc wizard (D:5)
  An orc (D:5)
  3 orc zombies (D:5)
5 creatures vanquished.

Grand Total: 109 creatures vanquished

Notes
Turn   | Place    | Note
-------+----------+-------------------------------------------
     0 | D:1      | Bnni the Demonspawn Necromancer began the quest for the
                  | Orb.
     0 | D:1      | Reached XP level 1. HP: 13/13 MP: 3/3
   202 | D:1      | Gained mutation: You sometimes gain a little power by
                  | taking damage. [demonic ancestry]
   202 | D:1      | Reached XP level 2. HP: 18/20 MP: 3/5
   680 | D:1      | Reached skill level 1 in Fighting
   750 | D:1      | Reached skill level 5 in Necromancy
   886 | D:1      | Gained mutation: You are partially covered in large bone
                  | plates. (SH +4) [demonic ancestry]
   886 | D:1      | Reached XP level 3. HP: 26/26 MP: 1/6
   890 | D:1      | Learned a level 3 spell: Vampiric Draining
  1343 | D:2      | Gained mutation: You regenerate magic rapidly. [demonic
                  | ancestry]
  1343 | D:2      | Reached XP level 4. HP: 27/32 MP: 1/7
  1823 | D:2      | Found a faded altar of an unknown god.
  2024 | D:2      | Learned a level 4 spell: Animate Dead
  2120 | D:3      | Noticed a scorpion
  2125 | D:3      | Killed a scorpion
  2126 | D:3      | Gained mutation: You are mostly covered in large bone
                  | plates. (SH +6) [demonic ancestry]
  2126 | D:3      | Reached XP level 5. HP: 14/38 MP: 1/9
  2464 | D:3      | Identified the +0 robe of Card Tricks {Harm Int+3}
  2727 | D:3      | Found a radiant altar of Vehumet.
  2987 | D:3      | Reached skill level 6 in Necromancy
  3381 | D:4      | Found a snail-covered altar of Cheibriados.
  3420 | D:4      | Noticed Menkaure
  3429 | D:4      | Killed Menkaure
  3430 | D:4      | Gained mutation: When hurt, damage is shared between your
                  | health and your magic reserves. [demonic ancestry]
  3430 | D:4      | Reached XP level 6. HP: 46/46 MP: 8/11
  3990 | D:4      | Found a hazy altar of Hepliaklqana.
  4072 | D:4      | Found Ydasto's Assorted Antiques.
  4196 | D:5      | Entered Level 5 of the Dungeon
  4466 | D:4      | HP: 2/47 [orc wizard/magic dart (3)]
  4473 | D:4      | HP: 1/70 [something (2)]
  4474 | D:4      | Slain by an orc wizard

Illustrated notes

Levels and vault maps discovered:
D:1:      evilmike_arrival_home_sweet_home, layout_rooms
D:2:      layout_basic, ebering_ecumenical_altar_sacrificial,
          kennysheep_generic_room_2
D:3:      layout_basic, minitemple, dreamdust_princess_corridor
D:4:      layout_loops_cross, slow_altar_2, mainiacjoe_overflow_tiny_flanked,
          serial_shops, nicolae_shop_overgrown_old_shop, uniq_menkaure
D:5:      layout_rooms, mainiacjoe_overflow_boulevard,
          minmay_temple_entry_glassed_door, uniq_grinder

Skill      XL: |  1  2  3  4  5  6 |
---------------+-------------------+-----
Fighting       | 1 2 3 |  3.2
Necromancy     | 5 6 |  6.9
Spellcasting   | 3 |  3.6
Dodging        | |  1.7
Stealth        | |  1.7

Action                   |  1- 3 |  4- 6 || total
-------------------------+-------+-------++-------
Melee: Whip              |    63 |   108 ||   171
       Punch             |     1 |       ||     1
 Cast: Necrotize         |    34 |    50 ||    84
       Vampiric Draining |       |     5 ||     5
       Animate Dead      |       |     5 ||     5
  Use: Scroll            |       |     9 ||     9
       Potion            |       |     4 ||     4
 Stab: Sleeping          |     2 |     3 ||     5
       Distracted        |     2 |       ||     2
Armor: Robe              |    23 |    22 ||    45
Dodge: Dodged            |    47 |    70 ||   117
       Repelled          |       |     3 ||     3
Block: Other             |     3 |    42 ||    45

Table legend: (Time is in decaauts)
 A = Elapsed time spent in this place.
 B = Non-inter-level travel time spent in this place.
 C = Inter-level travel time spent in this place.
 D = Time resting spent in this place.
 E = Time spent auto-exploring this place.
 F = Levels seen in this place.
 G = Mean time per level.
                   A        B        C        D        E       F      G
               +--------+--------+--------+--------+--------+-----+--------+
         Total |   4488 |   4320 |    168 |    519 |   3078 |   5 |  897.6 |
       Dungeon |   4488 |   4320 |    168 |    519 |   3078 |   5 |  897.6 |
               +--------+--------+--------+--------+--------+-----+--------+

Top non-repeatable levels by time:
     D:3: 1257 daAuts
     D:1: 1165 daAuts
     D:4: 1105 daAuts
     D:2: 911 daAuts
     D:5: 47 daAuts
